 Dungeon Crawl Stone Soup version 0.30-a0-585-g93115170b9 (webtiles) character file.

Game seed: 12807018299071116738

2 HyperVT the Chiller (level 1, 0/10 HPs)
             Began as a Tengu Ice Elementalist on Jan 2, 2023.
             Slain by a jackal (1 damage)
             ... on level 1 of the Dungeon.
             The game lasted 00:01:46 (63 turns).

HyperVT the Chiller (Tengu Ice Elementalist)          Turns: 63, Time: 00:01:47

Health: 0/10       AC:  2    Str:  8    XL:     1   Next: 40%
Magic:  3/4        EV: 12    Int: 15    God:
Gold:   14         SH:  0    Dex: 14    Spells: 3/4 levels left

rFire   . . .      SeeInvis .    (no weapon)
rCold   . . .      Faith    .    (no shield)
rNeg    . . .      Spirit   .    a - +0 robe
rPois   .          Reflect  .    (helmet restricted)
rElec   .          Harm     .    (no cloak)
rCorr   .          Rampage  .    (no gloves)
Will    .....                    (boots unavailable)
Stlth   ++                       (no amulet)
HPRegen 0.21/turn                (no ring)
MPRegen 0.09/turn                (no ring)

@: no status effects
A: beak, talons 3
a: no special abilities


You were on level 1 of the Dungeon.
You visited 1 branch of the dungeon, and saw 1 of its levels.

You collected 14 gold pieces.

Inventory:

Armour
 a - a +0 robe (worn)


   Skills:
 + Level 2.2 Dodging
 + Level 2.0 Stealth
 + Level 2.0 Spellcasting
 + Level 3.7 Ice Magic


You had 3 spell levels left.
You knew the following spells:

 Your Spells              Type           Power      Damage    Failure   Level
a - Freeze                Ice            48%        1d6       4%          1

Your spell library contained the following spells:

 Spells                   Type           Power      Damage    Failure   Level
 Frozen Ramparts          Ice            24%        1d4       14%         3
 Ozocubu's Armour         Ice            12%        N/A       14%         3
 Ignite Poison            Fire/Tmut/Pois 1%         N/A       54%         3
 Kindle Blastsparks       Fire/Tloc/Air  2%         2d10      54%         3
 Summon Ice Beast         Ice/Summ       7%         N/A       71%         4
 Freezing Cloud           Conj/Ice/Air   2%         6-21      98%         5


Dungeon Overview and Level Annotations

Branches:
Dungeon (1/15)

Altars:


Innate Abilities, Weirdness & Mutations

You have a beak for a mouth.
You have claws for feet.


Message History

Casting: Freeze (safe; 4% risk of failure)
Confirm with . or Enter, or press ? or * to list all spells.
Aiming: Freeze (safe; 4% risk of failure)
Press: ? - help, Shift-Dir - straight line, f - jackal, p - jackal
Aim: a jackal You freeze the jackal.
You kill the jackal!
A ball python comes into view.
The dart slug launches a dart at you. The slug dart misses you.
The jackal closely misses you.
A frilled lizard comes into view.
The ball python hisses angrily.
The frilled lizard hisses angrily.
You hit the dart slug.
You claw the dart slug, but do no damage.
You peck the dart slug, but do no damage.
The dart slug is severely wounded.
The dart slug barely misses you.
You hit the jackal but do no damage. Your kick misses the jackal.
The jackal is severely wounded.
The jackal bites you but does no damage.
The jackal closely misses you. The dart slug launches a dart at you.
The slug dart hits you. The jackal barely misses you.
Magic courses through your body. The jackal barely misses you.
The jackal closely misses you.
You closely miss the jackal.
The jackal is severely wounded.
The jackal bites you. The jackal closely misses you.
The dart slug launches a dart at you. The slug dart hits you.
* * * LOW HITPOINT WARNING * * *
Casting: Freeze (safe; 4% risk of failure)
Confirm with . or Enter, or press ? or * to list all spells.
Aiming: Freeze (safe; 4% risk of failure)
Press: ? - help, Shift-Dir - straight line, f - dart slug
Aim: a dart slug (severely wounded)
You freeze the dart slug.
The dart slug is almost dead.
The jackal bites you.
You die...

... #. #.. .... ..
.### ... .... .. ...
.... ...# .. ...
..... #... #.
#S##.#..# #.. #.
#l#....# #..
#.##hw..# #..
######.#h@)# #..
...........# ##.
........((## #.
..........# ######.
..#####..## #...... .
#P #..# #######
#.####. # #..#
#PP...# #.# #.
.######.###########.#
#.
....................#
##


You could see a dart slug, 2 jackals, a ball python and a frilled lizard.

Vanquished Creatures
  A jackal (D:1)
  A kobold (D:1)
2 creatures vanquished.

Notes
Turn   | Place    | Note
-------+----------+-------------------------------------------
     0 | D:1      | HyperVT the Tengu Ice Elementalist began the quest for the
                  | Orb.
     0 | D:1      | Reached XP level 1. HP: 10/10 MP: 4/4
    63 | D:1      | Slain by a jackal

Illustrated notes

Levels and vault maps discovered:
D:1:      moated_graveyard_arrival, layout_rooms, serial_aquarium,
          aquarium_bridge_island_small [aquarium_subvault_small_open,
          aquarium_subvault_wall, aquarium_subvault_bridge,
          aquarium_subvault_bridge, aquarium_subvault_bridge],
          aquarium_window_corridor_1, aquarium_window_2, aquarium_view_2b,
          aquarium_view_2b, minmay_gold_behind_fungi

Action                   || total
-------------------------++-------
Melee: Unarmed           ||     3
       Kick              ||     1
       Peck              ||     1
 Cast: Freeze            ||     5
  Use: Potion            ||     1
Armor: Robe              ||     3
Dodge: Dodged            ||    10

Table legend: (Time is in decaauts)
 A = Elapsed time spent in this place.
 B = Non-inter-level travel time spent in this place.
 C = Inter-level travel time spent in this place.
 D = Time resting spent in this place.
 E = Time spent auto-exploring this place.
 F = Levels seen in this place.
 G = Mean time per level.
                   A        B        C        D        E       F      G
               +--------+--------+--------+--------+--------+-----+--------+
         Total |     63 |     63 |      0 |      0 |     42 |   1 |   63.0 |
       Dungeon |     63 |     63 |      0 |      0 |     42 |   1 |   63.0 |
               +--------+--------+--------+--------+--------+-----+--------+

Top non-repeatable levels by time:
     D:1: 63 daAuts
